 Dungeon Crawl Stone Soup version 0.29-a0-275-g389c0b56f3 (webtiles) character file.

Game seed: 523856850226272137

23 spaghetti the Stinger (level 2, 0/19 HPs)
             Began as a Demonspawn Venom Mage on Mar 12, 2022.
             Slain by a goblin
             ... wielding a +0 club
              (2 damage)
             ... on level 1 of the Dungeon.
             The game lasted 00:02:15 (1190 turns).

spaghetti the Stinger (Demonspawn Venom Mage)       Turns: 1190, Time: 00:02:16

Health: 0/19       AC:  2    Str:  8    XL:     2   Next: 75%
Magic:  0/5        EV: 12    Int: 16    God:
Gold:   33         SH:  0    Dex: 13    Spells: 5/6 levels left

rFire   . . .      SeeInvis .   (no weapon)
rCold   . . .      Faith    .   (no shield)
rNeg    . . .      Spirit   .   a - +0 robe
rPois   .          Reflect  .   (helmet restricted)
rElec   .          Harm     .   (no cloak)
rCorr   .          Rampage  .   (no gloves)
Will    .....                   (no boots)
Stlth   ++........              (no amulet)
HPRegen 0.06/turn               (no ring)
MPRegen 0.09/turn               (no ring)

@: no status effects
A: horns 1
a: no special abilities


You were on level 1 of the Dungeon.
You visited 1 branch of the dungeon, and saw 1 of its levels.

You collected 33 gold pieces.


Innate Abilities, Weirdness & Mutations

You have a pair of small horns on your head.


   Skills:
 - Level 1.7 Dodging
 - Level 1.7 Stealth
 + Level 0.9 Unarmed Combat
 + Level 2.9 Spellcasting
 - Level 0.8 Transmutations
 - Level 3.0 Poison Magic


You had 5 spell levels left.
You knew the following spells:

 Your Spells              Type           Power      Damage    Failure   Level
a - Sting                 Tmut/Pois      32%        1d4       9%          1

Your spell library contained the following spells:

 Spells                   Type           Power      Damage    Failure   Level
 Poisonous Vapours        Pois/Air       14%        N/A       16%         2
 Blink                    Tloc           4%         N/A       28%         2
 Mephitic Cloud           Conj/Pois/Air  5%         N/A       36%         3
 Lesser Beckoning         Tloc           2%         N/A       50%         3
 Olgreb's Toxic Radiance  Pois           11%        N/A       50%         4
 Manifold Assault         Tloc           2%         N/A       99%         5

Inventory:

Hand Weapons
 b - a +0 mace {mace}
   (You found it on level 1 of the Dungeon)
 e - a +0 short sword {short}
   (You took it off a kobold on level 1 of the Dungeon)
 h - a +0 hunting sling {sling}
   (You found it on level 1 of the Dungeon)
Armour
 a - a +0 robe (worn)
 c - a +1 helmet
   (You found it on level 1 of the Dungeon)
Jewellery
 f - a ring of fire
   (You found it on level 1 of the Dungeon)
Potions
 d - a potion of degeneration {!q@e2}

Dungeon Overview and Level Annotations

Branches:
Dungeon (1/15)

Altars:

...............,,.....,,,,,,,,,,,
..####.########**#...#**,,,,,,,,,
,,* #.######## #...# *********,
,,* #........# #...# *, ,,*
########.# #...# *, .,##### #.#
#...# **####*, ..#...# #.# #...#
**....,,, ..#.#.#
#.####†..####..#,,,** ..#.#.#
#.#.@g...).....#,,,* ..#.#.#
#.#.##...##....#**,*
.##.#.#######.#.#######.###....*
.##.#.........#.#........,*,...*
....###########.#..†.####.*,,*.*
.#### #.#....+,,,..,,*,* .#
#.#....#***,.#,*,*
.##############.#....# *,.#,*,*
................#....# *,,*,*,*


You could see a goblin.


Message History

Press: ? - help, Q - select action Shift-Dir - straight line, f/p - goblin
Aim: a goblin, wielding a +0 club (heavily wounded, poisoned, 60% to hit)
The sting hits the goblin.
The goblin looks even sicker.
You kill the goblin! 😎 MP[-1]
You lost 1 mp, and now have 3/5 mp.
Aiming: Sting (safe; 9% risk of failure)
Press: ? - help, Q - select action Shift-Dir - straight line, f - rat
Aim: a rat (68% to hit)
The sting hits the rat.
The rat is poisoned.
You kill the rat! 😎 MP[-1]
You lost 1 mp, and now have 2/5 mp.
Aiming: Sting (safe; 9% risk of failure)
Press: ? - help, Q - select action Shift-Dir - straight line, f - hobgoblin
Aim: a hobgoblin (68% to hit)
The sting hits the hobgoblin.
The hobgoblin is poisoned.
The hobgoblin closely misses you. 😎 MP[-1]
You lost 1 mp, and now have 1/5 mp.
Aiming: Sting (safe; 9% risk of failure)
Press: ? - help, Q - select action Shift-Dir - straight line, f/p - hobgoblin
Aim: a hobgoblin (moderately wounded, poisoned, 68% to hit)
The sting hits the hobgoblin.
The hobgoblin looks even sicker.
The hobgoblin hits you but does no damage. 😎 MP[-1]
You lost 1 mp, and now have 0/5 mp.
You don't have enough magic to cast this spell.
Unknown command.
You don't have enough magic to cast this spell.
Unknown command.
Really attack while wielding nothing? [Y]es or [N]o only, please.
Really attack while wielding nothing? [Y]es or [N]o only, please.
Really attack while wielding nothing?
You hit the hobgoblin but do no damage.
You kill the hobgoblin!
You completely miss the frilled lizard.
The frilled lizard bites you but does no damage.
You barely miss the frilled lizard.
The frilled lizard bites you. 😕 HP[-1] MP[+1]
You take 1 damage, and now have 18/19 hp.
You hit the frilled lizard.
Your headbutt misses the frilled lizard.
The frilled lizard misses you.
Aiming: Sting (safe; 9% risk of failure)
Press: ? - help, Q - select action Shift-Dir - straight line, f - frilled lizard
Aim: a frilled lizard (heavily wounded, 48% to hit)
The sting hits the frilled lizard.
The frilled lizard is poisoned.
You kill the frilled lizard! 😎 HP[+1] MP[-1]
Your hp is fully restored (19).
You lost 1 mp, and now have 0/5 mp.
You barely miss the kobold. Your headbutt misses the kobold.
The kobold hits you with a +0 whip. 😕 HP[-1]
You take 1 damage, and now have 18/19 hp.
You closely miss the kobold. The kobold hits you but does no damage.
You hit the kobold but do no damage.
The kobold hits you with a +0 whip. 😮 HP[-5]
You take 5 damage, and now have 13/19 hp.
MASSIVE DAMAGE!! (PAUSE)
You closely miss the kobold. Your headbutt misses the kobold.
The kobold closely misses you.
You hit the kobold but do no damage. Your headbutt misses the kobold.
The kobold hits you with a +0 whip. 😮 HP[-3]
You take 3 damage, and now have 10/19 hp.
You barely miss the kobold. Your headbutt misses the kobold.
The kobold hits you but does no damage.
You hit the kobold. The kobold hits you with a +0 whip.
* * * LOW HITPOINT WARNING * * *
😨 HP[-3]
You take 3 damage, and now have 7/19 hp.
The kobold attacks as you move away! The kobold barely misses you. 😨 MP[+1]
There is an open door here.
You aren't carrying any items that you can evoke.
The kobold attacks as you move away! The kobold hits you with a +0 whip.
* * * LOW HITPOINT WARNING * * *
😱 HP[-5]
You take 5 damage, and now have 2/19 hp.
MASSIVE DAMAGE!! (PAUSE)
Okay, then.
Okay, then.
Aiming: Sting (safe; 9% risk of failure)
Press: ? - help, Q - select action Shift-Dir - straight line, f - kobold
Aim: a kobold, wielding a +0 whip (severely wounded, 60% to hit)
The sting hits the kobold but does no damage.
The kobold is poisoned.
You kill the kobold! 😱 MP[-1]
You lost 1 mp, and now have 0/5 mp.
Okay, then.
Okay, then.
You aren't carrying any items that you can evoke.
As you read the scroll labelled FEIDATOZXUN, it crumbles to dust.
You feel aware of your surroundings.
It was a scroll of magic mapping.
The goblin hits you with a +0 club.
You die...

Action                   || total
-------------------------++-------
Melee: Unarmed           ||    17
 Cast: Sting             ||    30
  Use: Scroll            ||     4
       Potion            ||     1
Armor: Robe              ||    11
Dodge: Dodged            ||    26

Levels and vault maps discovered:
D:1:      dpeg_arrival_brainrot, layout_basic, minmay_pentomino_v2

Notes
Turn   | Place    | Note
-------+----------+-------------------------------------------
     0 | D:1      | spaghetti the Demonspawn Venom Mage began the quest for the
                  | Orb.
     0 | D:1      | Reached XP level 1. HP: 13/13 MP: 3/3
     0 | D:1      | magus.rc [v1.9.6]
   281 | D:1      | You feel monstrous as your demonic heritage exerts itself.
   281 | D:1      | Discovered your monstrous ancestry.
   281 | D:1      | Gained mutation: You have a pair of small horns on your
                  | head. [demonic ancestry]
   281 | D:1      | Reached XP level 2. HP: 6/19 MP: 2/5
  1153 | D:1      | You pick up a book of Spatial Translocations and begin
                  | reading...
  1153 | D:1      | You add the spells Blink, Lesser Beckoning and Manifold
                  | Assault to your library.
  1188 | D:1      | HP: 2/19 [kobold/+0 whip (5)]
  1190 | D:1      | Slain by a goblin

Vanquished Creatures
  2 dart slugs (D:1)
  A bat (D:1)
  An endoplasm (D:1)
  A giant cockroach (D:1)
  A goblin (D:1)
  A hobgoblin (D:1)
  4 jackals (D:1)
  A quokka (D:1)
  A frilled lizard (D:1)
  2 kobolds (D:1)
  3 rats (D:1)
18 creatures vanquished.

Table legend:
 A = Non-vault XP
 B = Vault XP
 C = Vault XP percentage of total XP
 D = Non-vault monster count
 E = Vault monster count
 F = Vault count percentage of total count
                 A         B        C        D         E       F
            +---------+---------+-------+---------+---------+-------
      Total |      29 |       5 |  14.7 |      15 |       3 |  16.7
            +---------+---------+-------+---------+---------+-------
        D:1 |      29 |       5 |  14.7 |      15 |       3 |  16.7
            +---------+---------+-------+---------+---------+-------

Illustrated notes

Table legend:
 A = Kills in this place as a percentage of kills in entire the game.
 B = Kills by you in this place as a percentage of kills by you in the entire game.
 C = Kills by friends in this place as a percentage of kills by friends in the entire game.
 D = Other kills in this place as a percentage of other kills in the entire game.
 E = Experience gained in this place as a percentage of experience gained in the entire game.
 F = Experience gained in this place divided by the number of levels of this place that you have seen.
                   A       B       C       D       E      F
               +-------+-------+-------+-------+-------+----------------------
         Total | 100.0 | 100.0 |   N/A |   N/A | 100.0 |  34.0
       Dungeon | 100.0 | 100.0 |   N/A |   N/A | 100.0 |  34.0
               +-------+-------+-------+-------+-------+----------------------

Table legend: (Time is in decaauts)
 A = Elapsed time spent in this place.
 B = Non-inter-level travel time spent in this place.
 C = Inter-level travel time spent in this place.
 D = Time resting spent in this place.
 E = Time spent auto-exploring this place.
 F = Levels seen in this place.
 G = Mean time per level.
                   A        B        C        D        E       F      G
               +--------+--------+--------+--------+--------+-----+--------+
         Total |   1190 |   1166 |     24 |     67 |    962 |   1 | 1190.0 |
       Dungeon |   1190 |   1166 |     24 |     67 |    962 |   1 | 1190.0 |
               +--------+--------+--------+--------+--------+-----+--------+

Top non-repeatable levels by time:
     D:1: 1190 daAuts
